 Dungeon Crawl Stone Soup version 0.24-a0-441-g27f0392e16 (webtiles) character file.

Game seed: 1963394054635662190

156 KristoblXynda the Slasher (level 5, -1/45 HPs)
             Began as a Draconian Gladiator on June 19, 2019.
             Slain by an ogre
             ... wielding a +0 giant club
              (6 damage)
             ... on level 4 of the Dungeon.
             The game lasted 00:02:38 (1835 turns).

KristoblXynda the Slasher (Draconian Gladiator)     Turns: 1835, Time: 00:02:38

Health: -1/45      AC:  6    Str: 18    XL:     5   Next: 15%
Magic:  5/5        EV: 13    Int:  8    God:
Gold:   263        SH:  0    Dex: 12    Spells: 4/4 levels left

rFire    . . .     SeeInvis .   a - +0 long sword
rCold    . . .     Gourm    .   (no shield)
rNeg     . . .     Faith    .   (armour unavailable)
rPois    .         Spirit   .   b - +1 hat
rElec    .         Reflect  .   (no cloak)
rCorr    .         Harm     .   (no gloves)
MR       .....                  (no boots)
Stlth    +.........             (no amulet)
HPRegen  0.15/turn              (no ring)
MPRegen  0.09/turn              (no ring)

@: no status effects
A: unfitting armour, cold-blooded, AC +5
a: no special abilities


You were on level 4 of the Dungeon.
You were not hungry.

You visited 1 branch of the dungeon, and saw 4 of its levels.

You collected 263 gold pieces.

Inventory:

Hand Weapons
 a - a +0 long sword (weapon)
Missiles
 c - 3 throwing nets (quivered)
Armour
 b - a +1 hat (worn)
Scrolls
 f - 3 scrolls of enchant armour
 i - 2 scrolls of teleportation
 j - a scroll of remove curse {unknown}
 k - a scroll of magic mapping {unknown}
 m - a scroll of identify {unknown}
 n - a scroll of enchant weapon {unknown}
 p - a scroll of noise {unknown}
 s - a scroll of blinking {unknown}
Potions
 g - a potion of ambrosia {unknown}
 h - a potion of brilliance {unknown}
 l - a potion of agility {unknown}
 o - 2 potions of haste {unknown}
 r - a potion of mutation {unknown}
Comestibles
 d - 5 rations
 q - a chunk of flesh


   Skills:
 + Level 3.4 Fighting
 + Level 3.9 Long Blades
 + Level 2.9 Throwing
 + Level 3.5 Dodging


You had 4 spell levels left.
You didn't know any spells.
Your spell library contained the following spells:

 Spells                   Type           Power        Failure   Level  Hunger
 Animate Skeleton         Necr           N/A          41%         1    ##.....
 Apportation              Tloc           #.....       41%         1    ##.....
 Confusing Touch          Hex            #.....       41%         1    ##.....
 Summon Small Mammal      Summ           #...         41%         1    ##.....


Dungeon Overview and Level Annotations

Branches:
Dungeon (4/15)
 Temple: D:4-7

Altars:
Kikubaaqudgha
Trog


Innate Abilities, Weirdness & Mutations

Your plain brown scales are hard. (AC +5)
You cannot fit into any form of body armour.
You are cold-blooded and may be slowed by cold attacks.


Message History

The javelin pierces through the giant cockroach!
You kill the giant cockroach!
The ogre hits you with a +0 giant club.
You barely miss the ogre.
The ogre is moderately wounded.
You closely miss the ogre.
The ogre is moderately wounded.
The ogre hits you with a +0 giant club.
You slash the ogre!
The ogre is severely wounded.
The ogre hits you with a +0 giant club!!
Ouch! That really hurt!
You slash the ogre!
Your tail-slap misses the ogre.
The ogre is almost dead.
The ogre hits you with a +0 giant club!
* * * LOW HITPOINT WARNING * * *
You hit the ogre but do no damage.
The ogre is almost dead.
The ogre hits you with a +0 giant club.
You die...

#.......(.
#.........
#.$.......
#.........
#.........
#....>....
#)O.......
#@........
#######...


You could see an ogre.

Vanquished Creatures
  A scorpion (D:2)
  3 adders
  3 worms
  3 dart slugs
  2 leopard geckos (D:2)
  4 orcs (D:3)
  7 bats
  3 giant cockroaches
  5 goblins
  5 hobgoblins
  4 jackals (D:2)
  A quokka (D:3)
  2 ball pythons
  4 frilled lizards (D:2)
  4 kobolds
  5 rats
56 creatures vanquished.

Notes
Turn   | Place    | Note
-------+----------+-------------------------------------------
     0 | D:1      | KristoblXynda the Draconian Gladiator began the quest for
                  | the Orb.
     0 | D:1      | Reached XP level 1. HP: 17/17 MP: 1/1
   420 | D:1      | Reached XP level 2. HP: 25/25 MP: 2/2
   545 | D:2      | Reached XP level 3. HP: 16/30 MP: 3/3
   874 | D:2      | Noticed a scorpion
   892 | D:2      | Killed a scorpion
   892 | D:2      | Reached XP level 4. HP: 20/38 MP: 4/4
  1442 | D:3      | Found a bloodstained altar of Trog.
  1465 | D:3      | Reached XP level 5. HP: 30/45 MP: 5/5
  1734 | D:3      | Found an ancient bone altar of Kikubaaqudgha.
  1827 | D:4      | Noticed an ogre
  1835 | D:4      | Slain by an ogre

Levels and vault maps discovered:
D:1:      dpeg_arrival_tiny_j, layout_basic
D:2:      layout_rooms
D:3:      layout_rooms, kiku_gazebo_garden_becter, bloody_trog
D:4:      layout_basic, old_standard_altar, temple_hall, first_ration,
          chequers_serial_rivers_micro_c, st_stairs_8, nemelex_altar_shiori,
          uniq_sigmund

Skill      XL: |  1  2  3 |
---------------+----------+-----
Throwing       | 2 |  2.9
Dodging        | 3 |  3.5
Fighting       | 3 |  3.4
Long Blades    | |  3.9

Action                   |  1- 3 |  4- 6 || total
-------------------------+-------+-------++-------
Melee: Long sword        |    73 |    69 ||   142
       Tailslap          |    12 |    13 ||    25
Throw: Javelin           |     3 |     2 ||     5
  Use: Scroll            |       |     2 ||     2
  Eat: Chunk             |       |     3 ||     3
Armor: Skin              |    34 |    16 ||    50
Dodge: Dodged            |    69 |    50 ||   119
       Rpst.: Long sword |    21 |    17 ||    38

Table legend:
 A = Non-vault XP
 B = Vault XP
 C = Vault XP percentage of total XP
 D = Non-vault monster count
 E = Vault monster count
 F = Vault count percentage of total count
                 A         B        C        D         E       F
            +---------+---------+-------+---------+---------+-------
      Total |     224 |       0 |   0.0 |      56 |       0 |   0.0
            +---------+---------+-------+---------+---------+-------
        D:1 |      12 |       0 |   0.0 |       7 |       0 |   0.0
        D:2 |     144 |       0 |   0.0 |      31 |       0 |   0.0
        D:3 |      52 |       0 |   0.0 |      16 |       0 |   0.0
        D:4 |      16 |       0 |   0.0 |       2 |       0 |   0.0
            +---------+---------+-------+---------+---------+-------
